 Dungeon Crawl Stone Soup version 0.29.0-10-g45618ea6d2 (webtiles) character file.

Game seed: 10160826621695285122

23 benadryl the Chopper (level 2, -3/40 HPs)
             Began as a Minotaur Berserker on Sept 1, 2022.
             Was a Follower of Trog.
             Slain by Sigmund
             ... wielding a +0 vampiric scythe
              (9 damage)
             ... on level 2 of the Dungeon.
             The game lasted 00:01:08 (397 turns).

benadryl the Chopper (Minotaur Berserker)            Turns: 397, Time: 00:01:09

Health: -3/40      AC:  2    Str: 21    XL:     2   Next: 75%
Magic:  1/1        EV: 12    Int:  4    God:    Trog [*.....]
Gold:   10         SH:  0    Dex:  9    Spells: 1/1 levels left

rFire   . . .      SeeInvis .   a - +0 hand axe
rCold   . . .      Faith    .   (no shield)
rNeg    . . .      Spirit   .   b - +0 animal skin
rPois   .          Reflect  .   (helmet restricted)
rElec   .          Harm     .   (no cloak)
rCorr   .          Rampage  .   (no gloves)
Will    .....                   (no boots)
Stlth   ..........              (no amulet)
HPRegen 0.13/turn               (no ring)
MPRegen 0.07/turn               (no ring)

@: berserking (expiring), very quick
A: horns 2, retaliatory headbutt
a: Renounce Religion, Berserk


You were on level 2 of the Dungeon.
You worshipped Trog.
Trog was aware of your devotion.
You visited 1 branch of the dungeon, and saw 3 of its levels.

You collected 10 gold pieces.

Inventory:

Hand Weapons
 a - a +0 hand axe (weapon)
Armour
 b - a +0 animal skin (worn)


   Skills:
 + Level 4.1 Fighting
 * Level 4.5 Axes
 - Level 2.4 Armour
 - Level 2.1 Dodging


You had one spell level left.
You didn't know any spells.
Your spell library was empty.

Dungeon Overview and Level Annotations

Branches:
Dungeon (3/15)

Altars:

Annotations:
D:2 Natasha, Sigmund


Innate Abilities, Weirdness & Mutations

You have a pair of horns on your head.
You reflexively headbutt those who attack you in melee.


Message History

Sigmund is nearby!
You climb downwards.
There is a stone staircase leading up here.
You start resting.
You feel yourself speed up.
You start resting.
You recover from your berserk rage.
You start resting.
HP restored.
You start waiting.
Done waiting.
You start waiting.
Done waiting.
You climb upwards.
Level annotation: Natasha, Sigmund
There is a stone staircase leading down here.
Sigmund mumbles some strange words.
Sigmund flickers and vanishes!
Deactivating autopickup; reactivate with Ctrl-A.
You hear some strange, mumbled words.
Something tries to affect you, but you resist.
Something hits you but does no damage.
You miss something. Something hits you!
You hit something but do no damage.
A red film seems to cover your vision as you go berserk!
You feel yourself moving faster!
You feel mighty! Something hits you!
You barely miss something. Your headbutt misses something.
Something barely misses you.
You hit something. You barely miss something. You closely miss something.
You headbutt something! Something hits you.
You slash something! You miss something. Your headbutt misses something.
Something hits you!
* * * LOW HITPOINT WARNING * * *
You miss something. You barely miss something. Something hits you.
* * * LOW HITPOINT WARNING * * *
You miss something. Your headbutt misses something. You barely miss something.
Your headbutt misses something. Something hits you!
You die...

...... .....$ ..... #
#######...##. ..
#...........
#.###......##.#
########.............#
.....h.#..#..#.......##
.#####.#........@#....#
.# #.#..#.....#{#.....
.# #.# #......#....##
.# # #.#
.#.............. .#
#?#h#..............##.
.# #...@..............#
.# #..............#####
.# #.......#....#.# .#
#.......#....#.#


There were no monsters in sight!

Vanquished Creatures
  Terence (D:2)
  A giant cockroach (D:2)
2 creatures vanquished.

Notes
Turn   | Place    | Note
-------+----------+-------------------------------------------
     0 | D:1      | benadryl the Minotaur Berserker began the quest for the
                  | Orb.
     0 | D:1      | Reached XP level 1. HP: 19/19 MP: 0/0
    13 | D:1      | You fall into a shaft and drop 1 floor!
    32 | D:2      | Noticed Terence
    33 | D:2      | Noticed Natasha
    33 | D:2      | Noticed Sigmund
    38 | D:2      | Killed Terence
    39 | D:2      | Reached XP level 2. HP: 21/27 MP: 1/1
   397 | D:2      | Slain by Sigmund

Illustrated notes

Levels and vault maps discovered:
D:1:      wheals_arrival_linesprint, layout_loops_ring,
          hellmonk_ecumenical_altar_dog_temple
D:2:      layout_basic, st_stairs_14, uniq_robin, uniq_natasha, uniq_sigmund,
          uniq_terence
D:3:      layout_loops_ring, bloody_makhleb

Skill      XL: |  1 |
---------------+----+-----
Fighting       | 4 |  4.1
Axes           | 4 |  4.5
Armour         | |  2.4
Dodging        | |  2.1

Action                   || total
-------------------------++-------
Melee: Hand axe          ||    15
       Punch             ||     1
       Headbutt          ||     2
Invok: Berserk           ||     2
  Use: Scroll            ||     1
Armor: Animal skin       ||     2
Dodge: Dodged            ||     5
